Map: Vaani Research Station (Void)

Players

Neeb - Winner!

  • Race: Protoss Protoss
  • Spawn Location: 6:00

ShoWTimE

  • Race: Protoss Protoss
  • Spawn Location: 12:00

Event: WESG 2016 Finals

VOD

Have the link to the VOD?

Description

Time

  • Played on: Jan. 15, 2017, 4:15 p.m.
  • Length: 11:19

All games in this series

Show
View Real Time Build Order
Export as new Build Order

Neeb Protoss - Winner!

Build Orders: Oracle Opening, Phoenix Opening 

Get SALT Encoding   

  12  0:00  Probe (Chrono Boost)  
  13  0:11  Probe (Chrono Boost)  
  14  0:18  Pylon  
  14  0:22  Probe (Chrono Boost)  
  15  0:37  Gateway  
  15  0:43  Pylon  
  15  0:44  Probe (Chrono Boost)  
  16  0:50  Assimilator  
  16  0:55  Probe (Chrono Boost)  
  17  0:59  Assimilator  
  17  1:05  Probe (Chrono Boost)  
  18  1:16  Probe (Chrono Boost)  
  19  1:23  Zealot  
  19  1:25  Cybernetics Core  
  21  1:26  Probe (Chrono Boost)  
  22  1:37  Probe (Chrono Boost), Pylon  
  23  1:48  Probe (Chrono Boost)  
  24  1:58  Probe (Chrono Boost), Warp Gate  
  25  2:02  Stargate  
  25  2:10  Stalker  
  27  2:37  Nexus  
  27  2:40  Oracle  
  29  2:51  Probe (Chrono Boost)  
  29  3:05  Mothership Core (Chrono Boost)  
  31  3:07  Pylon  
  31  3:13  Phoenix  
  33  3:22  Pylon  
  33  3:24  Probe (Chrono Boost)  
  34  3:37  Probe (Chrono Boost)  
  37  3:45  Robotics Facility  
  36  3:49  Probe (Chrono Boost)  
  36  3:50  Probe (Chrono Boost)  
  37  3:59  Gateway  
  37  4:01  Probe x2 (Chrono Boost)  
  39  4:03  Sentry  
  41  4:11  Probe (Chrono Boost)  
  41  4:13  Probe (Chrono Boost)  
  43  4:22  Probe (Chrono Boost)  
  43  4:23  Probe (Chrono Boost)  
  45  4:25  Void Ray  
  45  4:30  Observer  
  49  4:34  Probe (Chrono Boost)  
  49  4:35  Probe (Chrono Boost)  
  52  4:40  Assimilator  
  52  4:43  Pylon  
  53  4:46  Probe (Chrono Boost)  
  53  4:48  Probe (Chrono Boost)  
  53  4:49  Assimilator  
  54  4:54  Observer  
  54  4:58  Probe (Chrono Boost)  
  57  5:00  Probe (Chrono Boost)  
  57  5:04  Stalker  
  57  5:05  Adept  
  61  5:08  Pylon  
  61  5:10  Probe (Chrono Boost)  
  61  5:12  Probe (Chrono Boost)  
  68  5:22  Probe (Chrono Boost)  
  68  5:23  Phoenix  
  68  5:24  Probe (Chrono Boost)  
  67  5:34  Probe (Chrono Boost)  
  69  5:36  Probe (Chrono Boost), Stargate  
  69  5:44  Phoenix  
  69  5:46  Probe (Chrono Boost)  
  69  5:48  Probe (Chrono Boost)  
  73  5:55  Pylon  
  73  6:02  Pylon  
  73  6:06  Phoenix, Pylon x2  
  77  6:13  Probe x2 (Chrono Boost)  
  77  6:16  Nexus  
  77  6:18  Phoenix, Pylon  
  79  6:28  Probe x2 (Chrono Boost)  
  79  6:32  Fleet Beacon  
  81  6:34  Phoenix  
  84  6:40  Probe (Chrono Boost)  
  84  6:41  Pylon  
  84  6:43  Phoenix  
  86  6:51  Probe (Chrono Boost)  
  87  6:58  Probe (Chrono Boost)  
  88  7:03  Probe (Chrono Boost), Phoenix  
  88  7:04  Phoenix  
  93  7:12  Probe (Chrono Boost)  
  95  7:16  Probe (Chrono Boost)  
  95  7:23  Assimilator  
  95  7:24  Probe (Chrono Boost), Phoenix  
  95  7:28  Probe (Chrono Boost), Assimilator  
  95  7:29  Probe (Chrono Boost), Anion Pulse-Crystals  
  100  7:36  Phoenix  
  100  7:37  Probe (Chrono Boost)  
  101  7:40  Probe (Chrono Boost)  
  101  7:43  Probe (Chrono Boost)  
  105  7:46  Phoenix  
  105  7:47  Stargate  
  105  7:50  Probe (Chrono Boost)  
  109  7:52  Probe (Chrono Boost)  
  109  7:55  Probe (Chrono Boost)  
  109  7:57  Phoenix  
  110  8:05  Pylon  
  113  8:06  Probe (Chrono Boost)  
  113  8:10  Forge  
  113  8:19  Phoenix  
  119  8:22  Phoenix  
  123  8:30  Pylon  
  123  8:31  Phoenix  
  125  8:37  Nexus  
  125  8:39  Protoss Air Weapons Level 1, Pylon  
  125  8:42  Phoenix  
  125  8:46  Probe x3 (Chrono Boost)  
  130  8:49  Photon Cannon  
  130  8:51  Photon Cannon  
  130  8:52  Photon Cannon, Phoenix  
  130  8:56  Phoenix  
  130  8:58  Assimilator  
  130  9:02  Assimilator  
  134  9:08  Phoenix  
  134  9:12  Photon Cannon  
  134  9:13  Stargate  
  134  9:15  Photon Cannon, Phoenix  
  138  9:26  Phoenix  
  140  9:33  Stargate  
  140  9:41  Phoenix x2  
  141  9:54  Phoenix  
  141  9:58  Phoenix  
  145  10:02  Phoenix  
  145  10:03  Phoenix  
  149  10:16  Phoenix  
  149  10:18  Pylon  
  149  10:19  Pylon  
  151  10:23  Phoenix  
  151  10:26  Phoenix x2  
  153  10:29  Phoenix  
  159  10:38  Phoenix  
  159  10:48  Phoenix  
  158  10:52  Phoenix x2  
Show
View Real Time Build Order
Export as new Build Order

ShoWTimE Protoss 

Build Orders: Dark Templar Rush 

Get SALT Encoding   

  12  0:00  Probe (Chrono Boost)  
  13  0:11  Probe (Chrono Boost)  
  14  0:19  Pylon  
  14  0:23  Probe (Chrono Boost)  
  15  0:37  Probe (Chrono Boost)  
  15  0:40  Gateway  
  16  0:47  Probe (Chrono Boost)  
  17  0:50  Assimilator  
  17  0:58  Probe (Chrono Boost)  
  17  0:59  Assimilator  
  18  1:08  Probe (Chrono Boost)  
  19  1:19  Probe (Chrono Boost)  
  20  1:27  Cybernetics Core  
  20  1:29  Probe (Chrono Boost)  
  21  1:40  Probe (Chrono Boost)  
  21  1:45  Pylon  
  22  1:51  Probe (Chrono Boost)  
  23  1:57  Warp Gate  
  23  2:00  Stalker  
  23  2:03  Twilight Council  
  23  2:04  Probe (Chrono Boost)  
  26  2:20  Mothership Core (Chrono Boost)  
  28  2:25  Pylon  
  28  2:38  Probe (Chrono Boost)  
  29  2:48  Dark Shrine  
  30  3:00  Nexus  
  29  3:08  Gateway  
  30  3:13  Probe (Chrono Boost)  
  30  3:20  Pylon  
  30  3:25  Probe (Chrono Boost)  
  31  3:34  Robotics Facility  
  31  3:38  Probe (Chrono Boost)  
  32  3:46  Pylon  
  32  3:50  Probe (Chrono Boost)  
  33  4:01  Dark Templar  
  33  4:02  Probe (Chrono Boost)  
  36  4:03  Dark Templar  
  38  4:12  Probe (Chrono Boost)  
  38  4:13  Probe (Chrono Boost)  
  40  4:23  Warp Prism  
  42  4:32  Probe x2 (Chrono Boost)  
  42  4:33  Dark Templar  
  44  4:42  Probe (Chrono Boost)  
  44  4:44  Stargate  
  45  4:46  Probe (Chrono Boost)  
  45  4:51  Assimilator  
  46  4:53  Probe (Chrono Boost)  
  46  4:57  Probe (Chrono Boost)  
  46  5:04  Probe (Chrono Boost), Stalker  
  49  5:08  Probe (Chrono Boost), Observer  
  49  5:09  Assimilator  
  52  5:14  Probe (Chrono Boost)  
  52  5:17  Pylon  
  52  5:18  Probe (Chrono Boost)  
  53  5:24  Phoenix  
  53  5:26  Probe (Chrono Boost)  
  56  5:29  Probe (Chrono Boost)  
  57  5:38  Probe (Chrono Boost)  
  58  5:43  Stargate  
  58  5:46  Phoenix  
  58  5:48  Probe (Chrono Boost)  
  59  5:55  Probe (Chrono Boost)  
  60  6:00  Probe (Chrono Boost)  
  61  6:07  Probe (Chrono Boost)  
  61  6:09  Phoenix  
  61  6:10  Nexus  
  62  6:12  Pylon  
  62  6:14  Probe (Chrono Boost)  
  65  6:21  Immortal  
  65  6:25  Phoenix, Pylon  
  70  6:27  Probe x2 (Chrono Boost)  
  73  6:36  Phoenix  
  75  6:44  Probe x2 (Chrono Boost), Adept  
  75  6:46  Pylon  
  79  6:52  Fleet Beacon  
  79  6:56  Phoenix  
  79  6:58  Probe x2 (Chrono Boost)  
  84  7:08  Pylon  
  84  7:10  Probe x2 (Chrono Boost)  
  84  7:20  Assimilator  
  84  7:22  Probe x2 (Chrono Boost), Phoenix  
  86  7:24  Phoenix, Assimilator  
  86  7:29  Probe (Chrono Boost)  
  89  7:31  Anion Pulse-Crystals  
  89  7:41  Pylon  
  89  7:42  Pylon  
  89  7:46  Stargate  
  89  7:47  Phoenix  
  89  7:51  Probe x2 (Chrono Boost)  
  91  7:59  Phoenix  
  91  8:01  Pylon  
  91  8:03  Pylon  
  91  8:05  Observer  
  94  8:09  Pylon  
  94  8:11  Phoenix  
  97  8:22  Phoenix  
  97  8:26  Phoenix  
  100  8:36  Nexus  
  100  8:40  Pylon  
  100  8:41  Phoenix  
  100  8:46  Protoss Air Weapons Level 1  
  102  8:49  Phoenix  
  102  8:54  Carrier  
  106  9:00  Pylon  
  106  9:01  Forge  
  106  9:07  Graviton Catapult  
  106  9:08  Carrier  
  106  9:09  Pylon  
  110  9:17  Pylon  
  110  9:23  Carrier  
  116  9:28  Assimilator  
  116  9:29  Probe x2 (Chrono Boost)  
  116  9:30  Probe (Chrono Boost)  
  119  9:32  Assimilator  
  125  9:39  Zealot x2  
  125  9:41  Probe (Chrono Boost)  
  130  9:55  Probe x2 (Chrono Boost)  
  130  9:56  Probe (Chrono Boost)  
  130  9:58  Probe (Chrono Boost)  
  130  10:04  Stalker x2  
  130  10:10  Observer  
  130  10:14  Photon Cannon  
  130  10:16  Photon Cannon, Pylon  
  121  10:40  Pylon, Nexus  
  101  10:59  Stalker x2  
Tags
 
Add a new tag
Caveats
  • Supply blocks, unpowered buildings, or Contaminate may cause inaccurate times.
  • Supply counts are checked every 10 seconds.